 Dungeon Crawl Stone Soup version 0.22-a0-539-gfbd9004e3f (webtiles) character file.

7956 JackS81 the Cleaver (level 11, -4/83 HPs)
             Began as a Formicid Fighter on June 24, 2018.
             Was a High Priest of Okawaru.
             Killed by divine providence
             ... invoked by an orc priest
              (13 damage)
             ... on level 10 of the Dungeon.
             The game lasted 00:41:02 (11018 turns).

JackS81 the Cleaver (Formicid Fighter)             Turns: 11018, Time: 00:41:02

Health: -4/83      AC:  9    Str: 21    XL:     11   Next: 46%
Magic:  12/12      EV: 14    Int:  8    God:    Okawaru [*****.]
Gold:   515        SH: 13    Dex: 13    Spells: 7/10 levels left

rFire    + . .     SeeInvis +   q - +1 battleaxe
rCold    . . .     Gourm    .   c - +0 shield
rNeg     . . .     Faith    .   C - +2 leather armour {MR+}
rPois    .         Spirit   .   (helmet unavailable)
rElec    .         Reflect  .   (no cloak)
rCorr    +         Harm     +   (no gloves)
MR       ++...                  H - +2 pair of boots
Stlth    +++.......             l - amulet of harm
HPRegen  0.23/turn              o - ring of resist corrosion
MPRegen  0.13/turn              w - ring of protection from fire

@: heroism
A: permanent stasis, dig shafts and tunnels, four strong arms, antennae 3
a: Dig, Shaft Self, Heroism, Finesse, Renounce Religion


You were on level 10 of the Dungeon.
You worshipped Okawaru.
Okawaru was extremely pleased with you.
You were not hungry.

You visited 2 branches of the dungeon, and saw 11 of its levels.

You collected 515 gold pieces.

Inventory:

Hand Weapons
 a - a +0 war axe
 d - a +0 shortbow
 q - a +1 battleaxe (weapon)
 r - a +4 whip
 y - a +0 great sword of slicing
 z - a +0 spear of piercing
Missiles
 n - 277 arrows
 t - 2 javelins (quivered)
Armour
 b - a +0 scale mail
 c - a +0 shield (worn)
 C - a +2 leather armour of magic resistance (worn)
 F - a +0 plate armour
 H - a +2 pair of boots (worn)
Jewellery
 k - an uncursed ring of positive energy
 l - an amulet of harm (around neck)
 o - a ring of resist corrosion (left hand)
 p - an uncursed ring of ice
 w - a ring of protection from fire (right hand)
 E - an uncursed ring of stealth
 K - an uncursed ring of flight
Wands
 j - a wand of iceblast (35)
 u - a wand of disintegration (14)
 v - a wand of paralysis (11)
 L - a wand of random effects (20)
Scrolls
 i - 2 scrolls of magic mapping
 m - a scroll of fog
 s - a scroll of noise
 x - a scroll of amnesia
 A - a scroll of remove curse
 D - a scroll of immolation
 J - 3 scrolls of identify
 P - a scroll of enchant armour
Potions
 e - 2 potions of flight
 g - a potion of cancellation
 h - a potion of agility
 N - a potion of mutation
Comestibles
 f - 15 rations


   Skills:
 + Level 6.7(11.7) Fighting
 * Level 13.5(18.5) Axes
 + Level 5.4(10.4) Armour
 + Level 8.4(13.4) Shields
 - Level 3.9 Hexes
 + Level 1.5 Invocations


You had 7 spell levels left.
You knew the following spells:

 Your Spells              Type           Power        Failure   Level  Hunger
a - Confuse               Hex            #.......     30%         3    ####...

Your spell library contained the following spells:

 Spells                   Type           Power        Failure   Level  Hunger
 Confusing Touch          Hex            #.....       10%         1    ##.....
 Metabolic Englaciation   Hex/Ice        #.........   99%         5    ######.
 Petrify                  Tmut/Erth      #.......     99%         4    #####..
 Gell's Gravitas          Tloc           #.........   82%         3    ####...
 Yara's Violent Unravell  Hex/Tmut       #.........   99%         5    ######.


Dungeon Overview and Level Annotations

Branches:
Dungeon (10/15)            Temple (1/1) D:4
   Lair: D:8-11         Orc: D:9-12

Altars:
Ashenzari
Dithmenos
Elyvilon
Fedhas
Hepliaklqana
Kikubaaqudgha
Makhleb
Nemelex Xobeh
Okawaru
Qazlal
Ru
Sif Muna
Trog
Uskayaw
Vehumet
Wu Jian
Xom
Yredelemnul
Zin
The Shining One

Shops:
D:9 }


Innate Abilities, Weirdness & Mutations

You cannot be hasted, slowed, berserked, paralysed or teleported.
You can dig through walls and to a lower floor.
Your four strong arms can wield two-handed weapons with a shield.
You have a pair of large antennae on your head. (SInv)


Message History

You block the orc's attack.
Items here: ( ) [ † a trident; a plate armour; a tomahawk; an orc corpse You block the orc's attack.
Items here: ( )))) [[ ÷÷
Items here: ( ))) [[[[ ÷ †† You block the orc's attack.
The orc priest calls down the wrath of Beogh upon you.
Beogh smites you!
* * * LOW HITPOINT WARNING * * *
Okay, then.
You block the orc's attack. You block the orc priest's attack.
The orc hits you from afar with a trident.
* * * LOW HITPOINT WARNING * * *
Items here: ( )))) [[ ÷÷ You hit the orc.
The orc is severely wounded.
The orc priest invokes the aid of Beogh against you.
Beogh smites you!
You die...

#...####..........
#.................
#..)..............
#.####............
#.# #........####
#.# #........##.#
#)# #........#...
#)# #.........)).
#@# #..........o.
#o####.o..........
#oo{..........#...
#o.o....(.....##.#
#.......##########
#.......# #
#..###### # #..# #
#..# #


You could see 2 orc priests and 3 orcs.

Vanquished Creatures
  Fannar (D:10)
  2 two-headed ogres
  2 hornets
  A wyvern (D:7)
  2 hungry ghosts
  Duvessa (D:7)
  6 orc warriors
  3 ice beasts
  A necrophage (D:7)
  4 phantoms
  A sky beast (D:7)
  7 ogres
  7 centaurs
  Blork the orc (D:5)
  5 bullfrogs
  Dowan (D:7)
  2 scorpions (D:9)
  8 killer bees
  3 wights (D:8)
  A howler monkey (D:7)
  5 crimson imps
  A bullfrog zombie (D:5)
  5 hounds
  3 jellies
  3 bullfrog skeletons
  An orc priest (D:7)
  Crazy Yiuf (D:7)
  9 orc wizards
  A centaur skeleton (D:9)
  Ijyb (D:3)
  6 iguanas
  3 worker ants
  2 hound skeletons
  4 gnolls (D:9)
  15 adders
  A shadow imp (D:6)
  A white imp (D:5)
  2 adder skeletons
  6 worms
  4 dart slugs
  3 leopard geckos
  35 orcs
  2 ball pythons
  12 giant cockroaches
  7 hobgoblins
  14 jackals
  9 kobolds
  3 quokkas
  11 bats
  5 frilled lizards
  9 goblins
  2 jackal skeletons
  3 leopard gecko skeletons
  2 quokka skeletons
  9 rats
259 creatures vanquished.

Vanquished Creatures (others)
  An orc wizard (D:8)
1 creature vanquished.

Grand Total: 260 creatures vanquished

Notes
Turn   | Place    | Note
-------+----------+-------------------------------------------
     0 | D:1      | JackS81 the Formicid Fighter began the quest for the Orb.
     0 | D:1      | Reached XP level 1. HP: 18/18 MP: 1/1
    60 | D:1      | Reached XP level 2. HP: 23/24 MP: 2/2
   439 | D:1      | Reached XP level 3. HP: 29/29 MP: 3/3
   566 | D:1      | Reached skill level 3 in Axes
   746 | D:2      | Reached XP level 4. HP: 31/35 MP: 4/4
  1120 | D:2      | Reached skill level 4 in Axes
  1136 | D:2      | Found a sacrificial altar of Ru.
  1168 | D:2      | Found a faded altar of an unknown god.
  1675 | D:3      | Reached XP level 5. HP: 41/41 MP: 5/5
  1716 | D:3      | Learned a level 3 spell: Confuse
  1755 | D:3      | Noticed Ijyb
  1775 | D:3      | Killed Ijyb
  2228 | D:3      | Reached skill level 5 in Axes
  2657 | D:4      | Reached skill level 1 in Hexes
  2657 | D:4      | Reached XP level 6. HP: 43/47 MP: 6/6
  2673 | D:4      | Noticed an ogre
  2690 | D:4      | Killed an ogre
  2963 | D:4      | Reached XP level 7. HP: 52/52 MP: 7/7
  3016 | D:4      | Reached skill level 6 in Axes
  3122 | D:4      | Found a deep blue altar of Sif Muna.
  3219 | D:4      | Found a staircase to the Ecumenical Temple.
  3233 | Temple   | Entered the Ecumenical Temple
  3325 | Temple   | Became a worshipper of Warmaster Okawaru
  3569 | D:5      | Entered Level 5 of the Dungeon
  3916 | D:5      | Noticed Blork the orc
  3944 | D:5      | Killed Blork the orc
  4232 | D:5      | Reached skill level 7 in Axes
  4232 | D:5      | Reached XP level 8. HP: 50/60 MP: 8/8
  4513 | D:6      | Reached * piety under Okawaru
  4513 | D:6      | Reached skill level 5 in Shields
  4517 | D:6      | HP: 2/60 [centaur (5)]
  4570 | D:6      | Reached skill level 8 in Axes
  5093 | D:6      | Reached ** piety under Okawaru
  5169 | D:6      | Reached XP level 9. HP: 51/66 MP: 9/9
  5177 | D:6      | Found a white marble altar of Elyvilon.
  5188 | D:6      | Found a stormy altar of Qazlal.
  5436 | D:7      | Noticed Duvessa
  5444 | D:7      | Noticed Dowan
  5453 | D:7      | Killed Duvessa
  5453 | D:7      | Reached skill level 9 in Axes
  5463 | D:7      | Killed Dowan
  6138 | D:7      | Reached skill level 10 in Axes
  6404 | D:7      | Found a runed door.
  6408 | D:7      | Noticed Crazy Yiuf
  6415 | D:7      | Killed Crazy Yiuf
  6474 | D:7      | Reached skill level 5 in Fighting
  6796 | D:7      | Reached *** piety under Okawaru
  6887 | D:8      | Noticed a hornet
  7039 | D:7      | Killed a hornet
  7039 | D:7      | Reached XP level 10. HP: 27/74 MP: 10/10
  7527 | D:8      | Reached skill level 11 in Axes
  8003 | D:8      | Reached **** piety under Okawaru
  8772 | D:8      | Found a hazy altar of Hepliaklqana.
  8795 | D:8      | Noticed a two-headed ogre
  8823 | D:8      | Killed a two-headed ogre
  8823 | D:8      | Reached skill level 12 in Axes
  8823 | D:8      | Reached skill level 5 in Armour
  9402 | D:9      | Reached ***** piety under Okawaru
  9504 | D:9      | Reached XP level 11. HP: 68/81 MP: 11/11
  9541 | D:9      | Noticed a two-headed ogre
  9561 | D:9      | Killed a two-headed ogre
  9561 | D:9      | Reached skill level 1 in Invocations
  9882 | D:9      | Reached skill level 13 in Axes
 10138 | D:9      | Found Xom Qarr's Gadget Shop.
 10197 | D:10     | Entered Level 10 of the Dungeon
 10309 | D:10     | HP: 4/81 [poisoned by a hornet]
 10690 | D:10     | Noticed Fannar
 10712 | D:10     | Killed Fannar
 11004 | D:10     | Received a gift from Okawaru
 11018 | D:10     | Killed from afar by an orc priest

Vault maps used:
D:1:      dpeg_arrival_tiny_a
D:2:      chequers_ecumenical_altar_simple_redux, nicolae_ru_awakened_eye
D:3:      first_ration, uniq_ijyb
D:4:      tgw_sif, temple_fountains
D:5:      minmay_fire_ice_demons, uniq_blork_the_orc
D:6:      nicolae_overflow_hidden_temple, serial_glass, glass_columns_b,
          glass_columns_b, due_unseen_surprise
D:7:      uniq_crazy_yiuf_cottage, uniq_duvessa
D:8:      basic_altar
D:9:      serial_shops, nicolae_shop_crystal
D:10:     lair_entry_dummy, david_orc_4, uniq_fannar
Temple:   compressed_dpeg_circular_temple

Skill      XL: |  1  2  3  4  5  6  7  8  9 10 11 |
---------------+----------------------------------+-----
Axes           | 3 4 5 7 8 10 12 13 | 13.5
Shields        | 4 5 6 8 |  8.4
Hexes          | 1 2 3 |  3.9
Armour         | 4 5 |  5.4
Fighting       | 4 5 6 |  6.7
Invocations    | 1 |  1.5

Action                   |  1- 3 |  4- 6 |  7- 9 | 10-12 || total
-------------------------+-------+-------+-------+-------++-------
Melee: War axe           |   100 |   201 |   492 |   144 ||   937
       Battleaxe         |       |       |       |   221 ||   221
Throw: Javelin           |       |       |       |     1 ||     1
 Cast: Confuse           |       |       |       |     1 ||     1
Invok: Heroism           |       |       |     1 |    12 ||    13
       Finesse           |       |       |       |     1 ||     1
 Abil: Dig               |       |       |       |     1 ||     1
Evoke: Wand              |       |       |       |     1 ||     1
  Use: Potion            |       |     2 |     8 |    11 ||    21
       Scroll            |       |       |     6 |    14 ||    20
  Eat: Chunk             |       |     7 |    13 |     9 ||    29
       Ration            |       |       |       |     3 ||     3
Armor: Scale mail        |    40 |    65 |    11 |       ||   116
       Leather armour    |       |       |    93 |    63 ||   156
       Skin              |       |       |    21 |    17 ||    38
Dodge: Dodged            |    33 |    57 |   149 |   122 ||   361
Block: Shield            |    55 |   121 |   247 |   199 ||   622

Table legend:
 A = Spawn XP
 B = Non-spawn XP
 C = Spawn XP percentage of total XP
 D = Spawn monster count
 E = Non-spawn monster count
 F = Spawn count percentage of total count
 G = Total turns spent on level
                    A         B        C        D         E        F      G
               +---------+---------+-------+---------+---------+-------+---------
         Total |       0 |   11367 |   0.0 |       0 |     260 |   0.0 | 11018
               +---------+---------+-------+---------+---------+-------+---------
           D:1 |       0 |      37 |   0.0 |       0 |      21 |   0.0 |   626
           D:2 |       0 |      97 |   0.0 |       0 |      29 |   0.0 |  1014
           D:3 |       0 |     113 |   0.0 |       0 |      24 |   0.0 |   960
           D:4 |       0 |     329 |   0.0 |       0 |      18 |   0.0 |   842
           D:5 |       0 |     532 |   0.0 |       0 |      19 |   0.0 |  1072
           D:6 |       0 |     956 |   0.0 |       0 |      28 |   0.0 |   722
           D:7 |       0 |    1941 |   0.0 |       0 |      33 |   0.0 |  1991
           D:8 |       0 |    3058 |   0.0 |       0 |      42 |   0.0 |  1969
           D:9 |       0 |    2202 |   0.0 |       0 |      27 |   0.0 |  1091
          D:10 |       0 |    2102 |   0.0 |       0 |      19 |   0.0 |   604
               +---------+---------+-------+---------+---------+-------+---------
